 Dungeon Crawl Stone Soup version 0.29.1-13-g9f3cf754e1 (webtiles) character file.

Game seed: 225640851796834036

1040 ChrisAssaf the Shooter (level 8, -3/66 HPs)
             Began as a Purple Draconian Hunter on Jan 21, 2023.
             Was a Follower of Uskayaw.
             Slain by Duvessa
             ... wielding a +0 short sword
              (4 damage)
             ... on level 4 of the Dungeon.
             The game lasted 00:18:56 (3617 turns).

ChrisAssaf the Shooter (Purple Draconian Hunter)    Turns: 3617, Time: 00:18:57

Health: -3/66      AC:  9    Str: 12 (14) XL:     8   Next: 4%
Magic:  12/12      EV: 13    Int:  8 (11) God:    Uskayaw [*.....]
Gold:   229        SH:  0    Dex: 13 (15) Spells: 7/12 levels left

rFire   . . .      SeeInvis .   f - +1 hammer (drain)
rCold   . . .      Faith    .   (no shield)
rNeg    . . .      Spirit   .   (body armour unavailable)
rPois   .          Reflect  .   (helmet restricted)
rElec   .          Harm     .   h - +2 cloak {Stlth+}
rCorr   .          Rampage  .   (no gloves)
Will    +....                   (no boots)
Stlth   +++.......              o - amulet of regeneration
HPRegen 0.21/turn               (no ring)
MPRegen 0.13/turn               (no ring)

@: mighty, short of breath, hasted, very quick
A: breathe power, AC +6, unfitting armour, cold-blooded
a: Breathe Dispelling Energy, Renounce Religion, Stomp


You were on level 4 of the Dungeon.
You worshipped Uskayaw.
Uskayaw was noncommittal.
You visited 1 branch of the dungeon, and saw 4 of its levels.

You collected 229 gold pieces.

Inventory:

Hand Weapons
 a - a +0 shortbow
 f - a +1 hammer of draining (weapon)
 l - a +1 falchion of holy wrath
Missiles
 n - a curare-tipped dart (quivered)
Armour
 h - a +2 cloak of stealth (worn)
Jewellery
 o - an amulet of regeneration (around neck)
Wands
 q - a wand of polymorph (8)
Scrolls
 p - a scroll of poison
Potions
 d - a potion of haste
 e - a potion of might
 g - a potion of lignification {unknown}
 i - a potion of heal wounds {unknown}
 j - a potion of berserk rage {unknown}
 k - a potion of degeneration
 m - a potion of magic {unknown}


   Skills:
 * Level 3.6 Fighting
 * Level 3.0 Maces & Flails
 * Level 5.7 Ranged Weapons
 * Level 0.3 Throwing
 * Level 3.2 Dodging
 * Level 2.5 Stealth
 * Level 2.8 Spellcasting
 * Level 0.4 Conjurations
 * Level 2.0 Ice Magic
 * Level 2.2 Invocations
 * Level 2.5 Evocations


You had 7 spell levels left.
You knew the following spells:

 Your Spells              Type           Power      Damage    Failure   Level
a - Ozocubu's Armour      Ice            4%         N/A       41%         3
b - Searing Ray           Conj           2%         2d4       38%         2

Your spell library contained the following spells:

 Spells                   Type           Power      Damage    Failure   Level
 Magic Dart               Conj           4%         1d3       28%         1
 Apportation              Tloc           2%         N/A       32%         1
 Fulminant Prism          Conj/Hex       0%         3d6       96%         4
 Alistair's Intoxication  Tmut/Pois      0%         N/A       100%        5
 Ozocubu's Refrigeration  Ice            2%         4d7       100%        7


Dungeon Overview and Level Annotations

Branches:
Dungeon (4/15)
 Temple: D:4-7

Altars:
Fedhas
Uskayaw
Vehumet

Shops:
D:1 [

Annotations:
D:3 2 runed translucent doors, Wentworth's ghost, amateur GnTm
D:4 Dowan; Duvessa; Menkaure


Innate Abilities, Weirdness & Mutations

You can breathe bolts of dispelling energy.
Your rich purple scales are hard. (AC +6)
You cannot fit into any form of body armour.
You are cold-blooded and may be slowed by cold attacks.


Message History

Press: ? - help, Shift-Dir - straight line, f - Menkaure
Aim: Menkaure (fast, 78% to hit)
You breathe a bolt of dispelling energy.
The bolt of dispelling energy hits Menkaure.
Menkaure is lightly damaged.
Menkaure's magical effects unravel!
Something hits you but does no damage.
Menkaure gestures wildly while chanting.
Menkaure seems to speed up.
You hit something.
Your tail-slap misses something.
Something hits you.
Menkaure grins.
Something hits you.
You closely miss something. Something hits you!
* * * LOW HITPOINT WARNING * * *
You closely miss something. Something hits you.
* * * LOW HITPOINT WARNING * * *
You feel better. Something hits you but does no damage.
It was a potion of degeneration.
There was something very wrong with that liquid.
You feel weakened.
You feel dopey.
You feel clumsy. Something hits you.
It was a potion of haste.
You feel yourself speed up. Something hits you.
* * * LOW HITPOINT WARNING * * *
You miss something. Something hits you but does no damage.
Dowan gestures wildly while chanting.
Dowan blinks!
You closely miss something. Something hits you but does no damage.
You closely miss something. You tail-slap something.
Something completely misses you.
Menkaure calls on the powers of darkness!
Something is bathed in an unholy light!
Dowan convulses!
Your body is wracked with pain!
* * * LOW HITPOINT WARNING * * *
You closely miss something. Something hits you!
* * * LOW HITPOINT WARNING * * *
It was a potion of might.
You feel very mighty all of a sudden.
You sock something!
Your tail-slap misses something.
Something hits you.
* * * LOW HITPOINT WARNING * * *
You miss something. Something hits you.
You die...

## #.......#.##.##
.###############.####
.......# #......#
.#####.. #.##.#.# .#
#.##)#.# .# #.##)#.#
.# #.##.#.# .#
#...)..# .. ####@###
..# #{# .#.. #M# .#..
#e# ..## #.# #####.#
#.....# <.((.M.#####
..#####


You could see Menkaure (fast) and Dowan (slow).

Vanquished Creatures
  Pikel (D:4)
  Eustachio (D:4)
  An ogre (D:4)
  A bullfrog (D:4)
  Crazy Yiuf (D:2)
  2 orc priests (D:4)
  Robin (D:3)
  4 gnolls (D:4)
  6 adders
  2 worms (D:3)
  3 dart slugs
  6 orcs (D:4)
  2 endoplasms
  4 giant cockroaches
  16 goblins
  9 hobgoblins
  5 kobolds
  3 quokkas
  5 ball pythons
  5 bats
  A frilled lizard (D:1)
  9 rats
88 creatures vanquished.

Notes
Turn   | Place    | Note
-------+----------+-------------------------------------------
     0 | D:1      | ChrisAssaf the Draconian Hunter began the quest for the
                  | Orb.
     0 | D:1      | Reached XP level 1. HP: 17/17 MP: 1/1
    82 | D:1      | Found Heket's Antique Armour Emporium.
   139 | D:1      | Reached skill level 1 in Stealth
   198 | D:1      | Reached skill level 4 in Ranged Weapons
   198 | D:1      | Reached XP level 2. HP: 24/24 MP: 2/2
   261 | D:2      | HP: 1/24 [poisoned by an adder]
   692 | D:2      | Reached XP level 3. HP: 21/30 MP: 3/3
   828 | D:3      | Found a faded altar of an unknown god.
   844 | D:3      | Prayed at the altar of an unknown god.
   844 | D:3      | Became a worshipper of Uskayaw the Reveller
   844 | D:3      | Reached * piety under Uskayaw
  1029 | D:2      | Found a runed translucent door.
  1030 | D:2      | Noticed Crazy Yiuf
  1038 | D:2      | Reached ** piety under Uskayaw
  1040 | D:2      | Killed Crazy Yiuf
  1041 | D:2      | Reached XP level 4. HP: 31/37 MP: 3/5
  1903 | D:1      | Learned a level 3 spell: Ozocubu's Armour
  2258 | D:3      | Reached skill level 1 in Spellcasting
  2276 | D:3      | Learned a level 2 spell: Searing Ray
  2333 | D:3      | Found a large runed translucent door.
  2333 | D:3      | Found a large runed translucent door.
  2335 | D:3      | Noticed Wentworth's ghost (amateur GnTm)
  2380 | D:3      | Noticed Robin
  2388 | D:3      | Reached XP level 5. HP: 44/44 MP: 1/6
  2394 | D:3      | Killed Robin
  2395 | D:3      | Reached skill level 1 in Evocations
  2399 | D:3      | Reached *** piety under Uskayaw
  2401 | D:3      | Reached skill level 1 in Maces & Flails
  2408 | D:3      | Reached **** piety under Uskayaw
  2680 | D:4      | Found a blossoming altar of Fedhas.
  2711 | D:4      | Found a radiant altar of Vehumet.
  2712 | D:4      | Noticed Eustachio
  2745 | D:4      | Killed Eustachio
  2746 | D:4      | Reached skill level 5 in Ranged Weapons
  2746 | D:4      | Reached skill level 1 in Invocations
  2746 | D:4      | Reached XP level 6. HP: 36/51 MP: 6/8
  2883 | D:4      | Noticed Pikel
  2976 | D:4      | Killed Pikel
  2977 | D:4      | Reached skill level 1 in Ice Magic
  2977 | D:4      | Your scales start taking on a rich purple colour.
  2977 | D:4      | Reached XP level 7. HP: 17/57 MP: 8/10
  3549 | D:4      | Reached XP level 8. HP: 20/64 MP: 12/12
  3585 | D:4      | Noticed Duvessa
  3586 | D:4      | Noticed Dowan
  3587 | D:4      | Noticed Menkaure
  3614 | D:4      | HP: 3/66 [something (8)]
  3616 | D:4      | HP: 1/66 [something (2)]
  3617 | D:4      | Slain by Duvessa

Illustrated notes

Levels and vault maps discovered:
D:1:      dpeg_arrival_lava_altar, layout_loops_cross, serial_shops,
          nicolae_shop_window_shopping, minmay_tetromino_s2
D:2:      layout_loops_ring, uniq_crazy_yiuf_cottage
D:3:      layout_basic, ebering_ghost_disaster_area,
          nicolae_ecumenical_pavilion, uniq_robin
D:4:      layout_loops_cross, nicolae_vehumet_radiance, lemuel_crystal_altar,
          fedhas_altar_2, minmay_temple_entry_mini_moons, serial_shops,
          nicolae_shop_waterfront, uniq_duvessa, uniq_pikel, uniq_menkaure,
          uniq_eustachio

Skill      XL: |  1  2  3  4  5  6  7  8 |
---------------+-------------------------+-----
Stealth        | 1 2 |  2.5
Ranged Weapons | 4 5 |  5.7
Dodging        | 2 3 |  3.2
Spellcasting   | 1 2 |  2.8
Evocations     | 1 2 |  2.5
Maces & Flails | 1 2 3 |  3.0
Fighting       | 3 |  3.6
Invocations    | 1 2 |  2.2
Ice Magic      | 1 2 |  2.0
Throwing       | |  0.3
Conjurations   | |  0.4

Action                   |  1- 3 |  4- 6 |  7- 9 || total
-------------------------+-------+-------+-------++-------
Melee: Mace              |     5 |    41 |    35 ||    81
       Tailslap          |       |     9 |     4 ||    13
 Fire: Shortbow          |    64 |    64 |     6 ||   134
Throw: Dart              |       |       |     2 ||     2
 Cast: Searing Ray       |       |       |     2 ||     2
Invok: Stomp             |       |     8 |     1 ||     9
 Abil: Breathe Dispellin |       |       |     7 ||     7
Evoke: Wand              |       |    13 |     2 ||    15
  Use: Scroll            |     3 |     3 |     1 ||     7
       Potion            |       |     4 |     5 ||     9
 Stab: Sleeping          |       |     1 |     1 ||     2
       Paralysed         |       |     1 |     1 ||     2
Armor: Skin              |    12 |    34 |    19 ||    65
Dodge: Dodged            |    33 |    64 |    19 ||   116
